TOP OF THE 1ST |
Salt Lake Bees batting - Pitching for Rochester Red Wings : RHP Alex Rushton
|
Pitching: RHP Alex Rushton
|
|
Batting: SHB Butch Brown
|
0-0: Called Strike 0-1: Ball 1-1: Ball 2-1: Foul Ball, location: 2F 2-2: Foul Ball, location: 2F 2-2: Foul Ball, location: 2F 2-2: Ground out 5-3 (Groundball, 56, EV 90.0 MPH)
|
Batting: RHB Jeff Long
|
0-0: Ground out 3-1 (Groundball, 34S, EV 65.0 MPH)
|
Batting: RHB Melvin Gomez
|
0-0: Ball 1-0: Called Strike 1-1: Reached via error on a dropped throw from SS, E3 (Groundball, 6, EV 75.6 MPH)
|
Batting: SHB Mario Padron
|
0-0: Ball Melvin Gomez is caught stealing 2nd base 2-6
|
Top of the 1st over - 0 runs, 0 hits, 1 error, 0 left on base; Salt Lake 0 - Rochester 0 |
BOTTOM OF THE 1ST |
Rochester Red Wings batting - Pitching for Salt Lake Bees : RHP Mike Tallerico
|
Pitching: RHP Mike Tallerico
|
|
Batting: LHB Matt Robertson
|
0-0: Called Strike 0-1: Ground out 4-3 (Groundball, 4, EV 97.5 MPH)
|
Batting: LHB Israel Montoya
|
0-0: Ball 1-0: Ground out 3-1 (Groundball, 34, EV 106.2 MPH)
|
Batting: RHB Manuel Juarez
|
0-0: Fly out, F9 (Flyball, 9LM, EV 87.5 MPH)
|
Bottom of the 1st over - 0 runs, 0 hits, 0 errors, 0 left on base; Salt Lake 0 - Rochester 0 |
TOP OF THE 2ND |
Salt Lake Bees batting - Pitching for Rochester Red Wings : RHP Alex Rushton
|
Batting: SHB Mario Padron
|
0-0: Foul Ball, location: 2F 0-1: SINGLE (Groundball, 34S, EV 65.6 MPH) (infield hit)
|
Batting: RHB Jonathan Ellis
|
0-0: Ball 1-0: Fielders Choice at 2nd, 4-6 (Groundball, 13, EV 92.5 MPH)
|
Batting: RHB Brandon Davis
|
0-0: Called Strike Jonathan Ellis steals 2nd base 0-1: Ball 1-1: Ball 2-1: SINGLE (Groundball, 6, EV 101.9 MPH) Jonathan Ellis to third Runner from 3rd tries for Home, SAFE, throw by LF to home
|
Batting: RHB Roberto Duron
|
0-0: Ball 1-0: Ball 2-0: Swinging Strike 2-1: Called Strike 2-2: Strikes out swinging
|
Batting: RHB Juan Rosa
|
0-0: Ball 1-0: Foul Ball, location: 2F 1-1: Ball 2-1: Ball 3-1: Base on Balls Brandon Davis to second
|
Batting: LHB Larry Prey
|
0-0: Fly out, F9 (Flyball, 89M, EV 83.8 MPH)
|
Top of the 2nd over - 1 run, 2 hits, 0 errors, 2 left on base; Salt Lake 1 - Rochester 0 |
BOTTOM OF THE 2ND |
Rochester Red Wings batting - Pitching for Salt Lake Bees : RHP Mike Tallerico
|
Batting: LHB Kuemon Shishido
|
0-0: Ground out 4-3 (Groundball, 4, EV 83.1 MPH)
|
Batting: LHB Jayden Thomas
|
0-0: Swinging Strike 0-1: Ball 1-1: Fly out, F7 (Flyball, 7D, EV 103.1 MPH)
|
Batting: RHB Jose Nunez
|
0-0: Foul Ball, location: 2F 0-1: Foul Ball, location: 2F 0-2: Ball 1-2: Foul Ball, location: 2F 1-2: Ball 2-2: Strikes out swinging
|
Bottom of the 2nd over - 0 runs, 0 hits, 0 errors, 0 left on base; Salt Lake 1 - Rochester 0 |
TOP OF THE 3RD |
Salt Lake Bees batting - Pitching for Rochester Red Wings : RHP Alex Rushton
|
Batting: SHB Butch Brown
|
0-0: Ground out 4-3 (Groundball, 4, EV 80.0 MPH)
|
Batting: RHB Jeff Long
|
0-0: Ball 1-0: Ball 2-0: Swinging Strike 2-1: Ground out 6-3 (Groundball, 4M, EV 83.8 MPH)
|
Batting: RHB Melvin Gomez
|
0-0: Ball 1-0: Swinging Strike 1-1: Swinging Strike 1-2: Strikes out swinging
|
Top of the 3rd over - 0 runs, 0 hits, 0 errors, 0 left on base; Salt Lake 1 - Rochester 0 |
BOTTOM OF THE 3RD |
Rochester Red Wings batting - Pitching for Salt Lake Bees : RHP Mike Tallerico
|
Batting: RHB Israel Gaona
|
0-0: Ball 1-0: DOUBLE (Flyball, 8LXD, EV 110.6 MPH)
|
Batting: RHB Jose Gracia
|
0-0: Ball Israel Gaona steals 3rd base 1-0: Ball 2-0: Ground out 6-3 (Groundball, 6, EV 82.5 MPH) Israel Gaona scores
|
Batting: RHB Kenny Reynolds
|
0-0: Ground out 6-3 (Groundball, 56, EV 105.0 MPH)
|
Batting: LHB Matt Robertson
|
0-0: Ball 1-0: Called Strike 1-1: Ball 2-1: Foul Ball, location: 2F 2-2: Strikes out swinging
|
Bottom of the 3rd over - 1 run, 1 hit, 0 errors, 0 left on base; Salt Lake 1 - Rochester 1 |
TOP OF THE 4TH |
Salt Lake Bees batting - Pitching for Rochester Red Wings : RHP Alex Rushton
|
Batting: SHB Mario Padron
|
0-0: Ball 1-0: Ground out 6-3 (Groundball, 56, EV 102.5 MPH)
|
Batting: RHB Jonathan Ellis
|
0-0: Fly out, F6 (Popup, P, EV 83.1 MPH)
|
Batting: RHB Brandon Davis
|
0-0: Ball 1-0: Called Strike 1-1: Swinging Strike 1-2: Strikes out looking
|
Top of the 4th over - 0 runs, 0 hits, 0 errors, 0 left on base; Salt Lake 1 - Rochester 1 |
BOTTOM OF THE 4TH |
Rochester Red Wings batting - Pitching for Salt Lake Bees : RHP Mike Tallerico
|
Batting: LHB Israel Montoya
|
0-0: Foul Ball, location: 2F 0-1: Ball 1-1: Ball 2-1: Swinging Strike 2-2: Ball 3-2: Base on Balls
|
Batting: RHB Manuel Juarez
|
0-0: Ball 1-0: Called Strike 1-1: Grounds into double play, 6-4-3 (Groundball, 6, EV 103.1 MPH)
|
Batting: LHB Kuemon Shishido
|
0-0: Ball 1-0: Ball 2-0: Ball 3-0: Base on Balls
|
Batting: LHB Jayden Thomas
|
0-0: Swinging Strike 0-1: Ground out U3 (Groundball, 3, EV 86.2 MPH)
|
Bottom of the 4th over - 0 runs, 0 hits, 0 errors, 1 left on base; Salt Lake 1 - Rochester 1 |
TOP OF THE 5TH |
Salt Lake Bees batting - Pitching for Rochester Red Wings : RHP Alex Rushton
|
Batting: RHB Roberto Duron
|
0-0: Ball 1-0: Ball 2-0: Ball 3-0: Called Strike 3-1: Swinging Strike 3-2: Strikes out swinging
|
Batting: RHB Juan Rosa
|
0-0: Called Strike 0-1: Ball 1-1: DOUBLE (Groundball, 5L, EV 101.2 MPH)
|
Batting: LHB Larry Prey
|
0-0: DOUBLE (Line Drive, 78M, EV 109.4 MPH) Juan Rosa scores
|
Batting: SHB Butch Brown
|
0-0: Called Strike 0-1: Ball 1-1: Ground out 4-3 (Groundball, 4, EV 84.4 MPH) Larry Prey to third
|
Batting: RHB Jeff Long
|
0-0: Ball 1-0: SINGLE (Groundball, 4MS, EV 85.0 MPH) (infield hit) Larry Prey scores
|
Batting: RHB Melvin Gomez
|
0-0: Ball Jeff Long steals 2nd base 1-0: Ball 2-0: Called Strike 2-1: SINGLE (Groundball, 6MD, EV 98.8 MPH) Jeff Long to third Throwing error, E8 Jeff Long scores Melvin Gomez to second
|
Batting: SHB Mario Padron
|
0-0: Ball 1-0: Ground out 1-3 (Groundball, 34S, EV 73.8 MPH)
|
Top of the 5th over - 3 runs, 4 hits, 1 error, 1 left on base; Salt Lake 4 - Rochester 1 |
BOTTOM OF THE 5TH |
Rochester Red Wings batting - Pitching for Salt Lake Bees : RHP Mike Tallerico
|
Batting: RHB Jose Nunez
|
0-0: Ball 1-0: Ball 2-0: Called Strike 2-1: Called Strike 2-2: Foul Ball, location: 2F 2-2: Ball 3-2: Strikes out swinging
|
Batting: RHB Israel Gaona
|
0-0: Called Strike 0-1: Ball 1-1: SINGLE (Groundball, 34D, EV 104.4 MPH)
|
Batting: RHB Jose Gracia
|
0-0: Called Strike 0-1: Ball 1-1: Fly out, F7 (Flyball, 78S, EV 83.8 MPH)
|
Batting: RHB Kenny Reynolds
|
0-0: Called Strike 0-1: Ball 1-1: SINGLE (Groundball, 56D, EV 93.8 MPH) Israel Gaona to second
|
Batting: LHB Matt Robertson
|
0-0: Swinging Strike 0-1: Ball 1-1: Ball 2-1: Ball 3-1: Base on Balls Israel Gaona to third Kenny Reynolds to second
|
Batting: LHB Israel Montoya
|
0-0: Called Strike 0-1: Ball 1-1: Swinging Strike 1-2: Strikes out swinging
|
Bottom of the 5th over - 0 runs, 2 hits, 0 errors, 3 left on base; Salt Lake 4 - Rochester 1 |
TOP OF THE 6TH |
Salt Lake Bees batting - Pitching for Rochester Red Wings : RHP Alex Rushton
|
Batting: RHB Jonathan Ellis
|
0-0: Swinging Strike 0-1: Ball 1-1: Swinging Strike 1-2: Ball 2-2: Foul Ball, location: 2F 2-2: Strikes out swinging
|
Batting: RHB Brandon Davis
|
0-0: Swinging Strike 0-1: Called Strike 0-2: Ball 1-2: Reached on error, E6 (Groundball, 6, EV 101.2 MPH)
|
Batting: RHB Roberto Duron
|
0-0: SINGLE (Groundball, 34, EV 108.1 MPH) Brandon Davis to second Runner from 2nd tries for 3rd, SAFE, throw by RF made to third
|
Batting: RHB Juan Rosa
|
0-0: Called Strike 0-1: Foul Ball, location: 2F 0-2: Ball 1-2: Strikes out swinging
|
Batting: LHB Larry Prey
|
0-0: Called Strike 0-1: Ball 1-1: Ball 2-1: Ground out 4-3 (Groundball, 4, EV 104.4 MPH)
|
Top of the 6th over - 0 runs, 1 hit, 1 error, 2 left on base; Salt Lake 4 - Rochester 1 |
BOTTOM OF THE 6TH |
Rochester Red Wings batting - Pitching for Salt Lake Bees : RHP Mike Tallerico
|
Batting: RHB Manuel Juarez
|
0-0: Called Strike 0-1: Ground out 5-3 (Groundball, 56S, EV 76.9 MPH)
|
Batting: LHB Kuemon Shishido
|
0-0: Fly out, F9 (Flyball, 9LS, EV 88.8 MPH)
|
Batting: LHB Jayden Thomas
|
0-0: Ball 1-0: Called Strike 1-1: Foul Ball, location: 2F 1-2: Ball 2-2: Foul Ball, location: 2F 2-2: Foul Ball, location: 2F 2-2: Foul Ball, location: 2F 2-2: Foul Ball, location: 2F 2-2: Strikes out swinging
|
Bottom of the 6th over - 0 runs, 0 hits, 0 errors, 0 left on base; Salt Lake 4 - Rochester 1 |
TOP OF THE 7TH |
Salt Lake Bees batting - Pitching for Rochester Red Wings : RHP Alex Rushton
|
Batting: SHB Butch Brown
|
0-0: Fly out, F9 (Flyball, 9LSF, EV 84.4 MPH)
|
Batting: RHB Jeff Long
|
0-0: Called Strike 0-1: Called Strike 0-2: Ball 1-2: SINGLE (Line Drive, 8LS, EV 105.0 MPH)
|
Batting: RHB Melvin Gomez
|
0-0: Called Strike 0-1: Ball 1-1: Ball 2-1: Foul Ball, location: 2F 2-2: Grounds into double play, 5-4-3 (Groundball, 56, EV 88.1 MPH)
|
Top of the 7th over - 0 runs, 1 hit, 0 errors, 0 left on base; Salt Lake 4 - Rochester 1 |
BOTTOM OF THE 7TH |
Rochester Red Wings batting - Pitching for Salt Lake Bees : RHP Mike Tallerico
|
Batting: RHB Jose Nunez
|
0-0: Ground out 6-3 (Groundball, 6, EV 78.1 MPH)
|
Batting: RHB Israel Gaona
|
0-0: Ground out 6-3 (Groundball, 6, EV 85.0 MPH)
|
Batting: RHB Jose Gracia
|
0-0: Ball 1-0: Ground out 1-3 (Groundball, 34S, EV 62.5 MPH)
|
Bottom of the 7th over - 0 runs, 0 hits, 0 errors, 0 left on base; Salt Lake 4 - Rochester 1 |
TOP OF THE 8TH |
Salt Lake Bees batting - Pitching for Rochester Red Wings : RHP Alex Rushton
|
Pitching: LHP Inkei Wakamatsu
|
|
Batting: SHB Mario Padron
|
0-0: Ball 1-0: Fly out, F9 (Flyball, 89M, EV 83.1 MPH)
|
Batting: RHB Jonathan Ellis
|
0-0: Called Strike 0-1: Called Strike 0-2: Strikes out swinging
|
Batting: RHB Brandon Davis
|
0-0: Swinging Strike 0-1: Ball 1-1: Ball 2-1: Ball 3-1: Base on Balls
|
Batting: RHB Roberto Duron
|
0-0: Ball 1-0: Called Strike 1-1: Fly out, F9 (Flyball, 9, EV 88.8 MPH)
|
Top of the 8th over - 0 runs, 0 hits, 0 errors, 1 left on base; Salt Lake 4 - Rochester 1 |
BOTTOM OF THE 8TH |
Rochester Red Wings batting - Pitching for Salt Lake Bees : RHP Mike Tallerico
|
Batting: RHB Kenny Reynolds
|
0-0: Foul Ball, location: 2F 0-1: Ground out 6-3 (Groundball, 56, EV 90.6 MPH)
|
Batting: LHB Matt Robertson
|
0-0: Called Strike 0-1: Ball 1-1: Hit by Pitch
|
Batting: LHB Israel Montoya
|
0-0: Ball 1-0: Foul Ball, location: 2F 1-1: Foul Ball, location: 2F 1-2: Ball 2-2: SINGLE (Groundball, 4, EV 96.9 MPH) Matt Robertson to second Runner from 2nd tries for 3rd, SAFE, throw by RF made to third
|
Batting: RHB Manuel Juarez
|
0-0: Ball 1-0: Fly out, F8 (Flyball, 8LXD, EV 102.5 MPH) Runner from 3rd tags up, SCORES, no throw by CF
|
Batting: LHB Kuemon Shishido
|
0-0: Called Strike 0-1: Fly out, F9 (Flyball, 9D, EV 91.9 MPH)
|
Bottom of the 8th over - 1 run, 1 hit, 0 errors, 1 left on base; Salt Lake 4 - Rochester 2 |
TOP OF THE 9TH |
Salt Lake Bees batting - Pitching for Rochester Red Wings : LHP Inkei Wakamatsu
|
Pitching: RHP Carlos Palacios
|
|
Batting: RHB Juan Rosa
|
0-0: SOLO HOME RUN (Flyball, 78XD, EV 99.4 MPH), Distance : 403 ft
|
Batting: LHB Larry Prey
|
0-0: Ball 1-0: Ball 2-0: Ball 3-0: SINGLE (Groundball, 6M, EV 106.2 MPH) (infield hit)
|
Batting: SHB Butch Brown
|
0-0: Bunted foul 0-1: Ball 1-1: Bunt missed! 1-2: Strikes out looking
|
Batting: RHB Jeff Long
|
0-0: Grounds into double play, 4-6-3 (Groundball, 4, EV 106.9 MPH)
|
Top of the 9th over - 1 run, 2 hits, 0 errors, 0 left on base; Salt Lake 5 - Rochester 2 |
BOTTOM OF THE 9TH |
Rochester Red Wings batting - Pitching for Salt Lake Bees : RHP Mike Tallerico
|
Batting: LHB Jayden Thomas
|
0-0: Ball 1-0: Called Strike 1-1: Fly out, F9 (Flyball, 89D, EV 90.6 MPH)
|
Batting: RHB Jose Nunez
|
0-0: Foul Ball, location: 2F 0-1: Ball 1-1: Foul Ball, location: 2F 1-2: Foul Ball, location: 2F 1-2: Ball 2-2: Ball 3-2: Base on Balls
|
Pitching: RHP Eric Cunningham
|
|
Batting: RHB Israel Gaona
|
0-0: Ball 1-0: SINGLE (Groundball, 56D, EV 110.0 MPH) Jose Nunez to second
|
Batting: RHB Jose Gracia
|
0-0: Called Strike 0-1: Called Strike 0-2: DOUBLE (Line Drive, 89D, EV 110.0 MPH) Jose Nunez scores Israel Gaona to third
|
Pinch Hitting: RHB Graham Calvert
|
0-0: Ball 1-0: Ball 2-0: Foul Ball, location: 2F 2-1: Called Strike 2-2: Ball 3-2: Base on Balls
|
Batting: LHB Matt Robertson
|
0-0: Called Strike 0-1: Swinging Strike 0-2: Ball 1-2: Strikes out swinging
|
Batting: LHB Israel Montoya
|
0-0: Ball 1-0: Called Strike 1-1: Ball 2-1: Fly out, F7 (Flyball, 78S, EV 80.6 MPH)
|
Bottom of the 9th over - 1 run, 2 hits, 0 errors, 3 left on base; Salt Lake 5 - Rochester 3 |
|